 Dungeon Crawl Stone Soup version 0.20.1-1-g8b1a95d (webtiles) character file.

252 homeworkjunkie the Chopper (level 6, 0/52 HPs)
             Began as a Hill Orc Fighter on Dec 13, 2017.
             Succumbed to a kobold's poison
             ... on level 1 of the Dungeon.
             The game lasted 00:05:55 (2124 turns).

homeworkjunkie the Chopper (Hill Orc Fighter)       Turns: 2124, Time: 00:05:56

Health: 0/52       AC:  9    Str: 18 (20) XL:     6   Next: 13%
Magic:  6/6        EV:  7    Int:  6 (8)  God:
Gold:   142        SH:  9    Dex:  9 (11) Spells: 5/5 levels left

rFire    . . .     SeeInvis .   a - +1 war axe
rCold    . . .     Gourm    .   c - +0 shield
rNeg     . . .     Faith    .   b - +0 scale mail
rPois    .         Spirit   .   (no helmet)
rElec    .         Reflect  .   (no cloak)
rCorr    .         Harm     .   r - +1 pair of gloves
MR       .....                  (no boots)
Stlth    ..........             (no amulet)
Regen    0.2/turn               e - ring of wizardry
MPRegen  0.1/turn               (no ring)

@: lethally poisoned (0 -> -27)
A: no striking features
a: no special abilities


You were on level 1 of the Dungeon.
You were not hungry.

You visited 1 branch of the dungeon, and saw 5 of its levels.

You collected 142 gold pieces.

Inventory:

Hand Weapons
 a - a +1 war axe (weapon)
Armour
 b - a +0 scale mail (worn)
 c - a +0 shield (worn)
 r - a +1 pair of gloves (worn)
Jewellery
 e - a ring of wizardry (left hand)
Scrolls
 d - a scroll of teleportation
 i - 5 scrolls of identify
 l - 2 scrolls of remove curse
Potions
 m - 2 potions of flight
Comestibles
 f - 3 bread rations
 g - a meat ration
 h - a royal jelly
 j - a fruit


   Skills:
 * Level 4.2 Fighting
 * Level 5.5 Axes
 * Level 4.4 Armour
 + Level 0.5 Dodging
 * Level 4.6 Shields


You had 5 spell levels left.
You didn't know any spells.

Dungeon Overview and Level Annotations

Branches:
Dungeon (5/15)
 Temple: D:4-7

Altars:
Dithmenos
Elyvilon
Fedhas
Makhleb
Ru
Sif Muna
Yredelemnul


Message History

You are more poisoned.
You miss the kobold.
* * * LOW HITPOINT WARNING * * *
You feel very sick. The kobold hits you but does no damage.
You are more poisoned.
You barely miss the kobold.
* * * LOW HITPOINT WARNING * * *
You feel very sick. You block the kobold's attack.
The kobold barely misses you.
Okay, then.
You slash the kobold!
You kill the kobold!
* * * LOW HITPOINT WARNING * * *
You feel very sick.
* * * LOW HITPOINT WARNING * * *
You feel very sick.
Things that are here:
a short sword of venom; 3 stones; a kobold corpse You die...

#.................<.
#............###....
#(...........# ##...
#.(.........## #...
#...........# #...
#...........# ##.#
#...........# #.#
#..)....(...# #)#
#..@........#
#...........#
###########.########
#...^.....
#########. #. #. #.
#.


There were no monsters in sight!

Vanquished Creatures
  A water moccasin skeleton (D:4)
  An orc wizard (D:3)
  4 gnolls
  4 adders
  An ooze (D:1)
  A dart slug (D:2)
  2 leopard geckos
  3 orcs (D:3)
  6 giant cockroaches
  11 goblins
  7 hobgoblins
  8 jackals
  2 quokkas
  2 ball pythons (D:1)
  10 bats
  4 frilled lizards
  7 kobolds
  A quokka skeleton (D:4)
  13 rats
88 creatures vanquished.

Notes
Turn   | Place    | Note
-------+----------+-------------------------------------------
     0 | D:1      | homeworkjunkie the Hill Orc Fighter began the quest for the Orb.
     0 | D:1      | Reached XP level 1. HP: 19/19 MP: 1/1
    54 | D:1      | Reached XP level 2. HP: 19/27 MP: 2/2
   189 | D:1      | Reached skill level 3 in Axes
   265 | D:2      | Reached XP level 3. HP: 32/33 MP: 3/3
   560 | D:3      | Reached skill level 4 in Axes
   560 | D:3      | Reached XP level 4. HP: 34/40 MP: 4/4
   651 | D:3      | Reached XP level 5. HP: 34/46 MP: 5/5
   664 | D:3      | Found a faded altar of an unknown god.
   887 | D:5      | Entered Level 5 of the Dungeon
   935 | D:3      | Reached skill level 5 in Axes
  1473 | D:2      | Found a blossoming altar of Fedhas.
  1473 | D:2      | Found a burning altar of Makhleb.
  1478 | D:2      | Found a shadowy altar of Dithmenos.
  1480 | D:2      | Found a sacrificial altar of Ru.
  1480 | D:2      | Found a white marble altar of Elyvilon.
  1482 | D:2      | Found a basalt altar of Yredelemnul.
  1483 | D:2      | Found a deep blue altar of Sif Muna.
  1554 | D:2      | Reached XP level 6. HP: 50/52 MP: 6/6
  2123 | D:1      | HP: 2/52 [poisoned by a kobold]
  2124 | D:1      | Succumbed to a kobold's poison

Skill      XL: |  1  2  3  4  5 |
---------------+----------------+-----
Axes           | 3 4 5 |  5.5
Fighting       | 4 |  4.2
Armour         | 4 |  4.4
Shields        | 4 |  4.6
Dodging        | |  0.5

Action                   |  1- 3 |  4- 6 || total
-------------------------+-------+-------++-------
Melee: War axe           |    97 |   156 ||   253
  Use: Potion            |     1 |     7 ||     8
       Scroll            |       |    10 ||    10
  Eat: Meat ration       |       |     1 ||     1
Armor: Scale mail        |    63 |    73 ||   136
       Skin              |       |     8 ||     8
Dodge: Dodged            |    41 |    59 ||   100
Block: Shield            |    60 |   107 ||   167
